Matt, lawful female dwarven Valkyrie ----------------------------------------------------------------------------- |...............|.........|.....|.....|...........|...............|.....|...| |.-------.-----.|.---.|.---.|.--|.---.|.---------.|.-------.-------.|.|.|.|.| |.|.|.....|.....|.|.|.|.|...|...|...|.......|.|...|.|.....|.........|.|.|.|.| |.|.|.-----------.|.|.|.|.-----.|.---.|----.|.|.|.|.|.|.-----.-------.|.|--.| |.|.|.........|...|.|.|.|.....|...|...|...|...|.|.|.|.|.|...|...|.....|.|...| |.|.---------.|.---.|.|.|----.-----.|.---.|--.|.|--.|--.|.|.-----.-----.|.|.| |.|...|...|.|.......|.|.|...|...|...|.....|...|.|...|...|.|.......|.|.....|.| |.|.|.|.|.|.-------.|.|.|.|.|--.|.---------.--|.|.---.|.|.|--------.|.------| |...|...|.....|...|.|.|.|.|.|...........|...|.|32.....|.|.|.........|.|.....| |--------.-----.|.|.|.|.|.|.|.---------.|.---.|.-------.|.|.-----.---.|----.| |.....|...|.....|.|.|.|.|.|.......|.|...|...21|3.3|.....|.|...|...|...|...|.| |.|.|.|.--|.-----.---.|.|.|%-----.|.|.------1.|--.|.----|.----|.---.---.---.| |.|.|.|.|.|...|.......|<.....%%......%....21..|.|.3.|...|.....|.........|...| |.|.--|.|.---.--------|.|.|----.---.---.----|.|.-----.-------.|---------|.--| |.|...|.|...|.....|...|.|.|...|...|...|.|...|..@..|.........|.|...|.....|.|.| |.---.|.---.-----.|.|.---.|.|.|.-----.|.|.|.-----.---------.|.|.|.|.---.|.|.| |...|...........|...|.......|.|.......|...|.................|...|.....|.....| ----------------------------------------------------------------------------- Matt the Swashbuckler Experience level: 20 Strength: 18/20 Dexterity: 16 Constitution: 23 Intelligence: 7 Wisdom: 13 Charisma: 10 Health: 271(272) Energy: 30(30) Def: 27 Gold: 254 Moves: 25140 Dungeon seed: OwqejbFiapE_3dpa Game ID: Matt_1511355905 Your Inventory: Coins $ - 254 gold pieces Weapons a - the blessed rustproof +5 Excalibur Armor f - a blessed greased +3 gray dragon scale mail (being worn) g - an uncursed -1 pair of speed boots (being worn) n - a blessed burnt rotted +4 cloak of protection (being worn) x - a blessed +2 shield of reflection (being worn) H - an uncursed burnt +2 pair of leather gloves (being worn) K - a blessed rusty +3 orcish helm of drain resistance (being worn) Comestibles N - 2 uncursed lizard corpses Q - an uncursed cockatrice corpse (weapon in hand) Scrolls b - an uncursed scroll of taming j - 2 uncursed scrolls of teleportation Rings k - an uncursed thoroughly rusty ring of levitation G - an uncursed ring of conflict J - an uncursed +6 ring of gain constitution (on left hand) U - an uncursed ring of sustain ability Z - an uncursed ring of free action (on right hand) Wands d - an uncursed wand of striking (0:4) o - an uncursed wand of cancellation named NEVER PUT IN BAG OF HOLDING (0:6) p - an uncursed wand of teleportation (0:6) q - an uncursed wand of slow monster (0:1) r - an uncursed wand of magic missile (0:2) s - an uncursed wand of digging (0:6) t - an uncursed wand of teleportation (0:3) u - an uncursed wand of undead turning (0:5) v - an uncursed wand of teleportation (0:4) B - an uncursed wand of teleportation named invis cancel tele (0:2) D - an uncursed wand of digging (0:0) E - an uncursed wand of sleep (0:6) I - an uncursed wand of digging (0:6) M - an uncursed wand of magic missile (0:5) O - an uncursed wand of cancellation (0:4) R - an uncursed wand of lightning (0:1) S - an uncursed wand of secret door detection (0:10) T - an uncursed wand of cold (0:1) V - an uncursed wand of speed monster (0:4) Y - an uncursed wand of magic missile (0:4) Tools c - the blessed Orb of Fate (0:5) h - an uncursed towel i - a blessed oilskin bag of holding z - an uncursed lock pick C - a blessed +0 unicorn horn L - an uncursed stethoscope W - a cursed leather drum X - an uncursed oil lamp (0:0) Contents of the oilskin bag of holding: 8060 gold pieces an uncursed amulet of reflection a blessed +1 dagger 2 uncursed cloves of garlic an uncursed egg 3 uncursed food rations an uncursed lembas wafer an uncursed lizard corpse 2 uncursed tripe rations an uncursed scroll of blank paper an uncursed scroll of charging a blessed scroll of charging named blessed 3 uncursed scrolls of create monster a cursed scroll of earth a cursed scroll of enchant armor 2 uncursed scrolls of enchant weapon a cursed scroll of enchant weapon an uncursed scroll of fire a blessed scroll of gold detection an uncursed scroll of gold detection 2 uncursed scrolls of magic mapping a blessed scroll of remove curse 3 uncursed scrolls of remove curse 4 uncursed scrolls of teleportation 2 cursed scrolls of teleportation an uncursed potion of extra healing 3 uncursed potions of full healing 2 uncursed potions of gain energy 2 uncursed potions of gain level a cursed potion of gain level a potion of holy water a blessed potion of oil an uncursed potion of speed 2 potions of unholy water named unholy a cursed ring of hunger a blessed +8 ring of increase accuracy an uncursed +2 ring of increase damage an uncursed ring of invisibility an uncursed ring of sustain ability a cursed ring of teleportation an uncursed wand of cold (0:7) an uncursed wand of digging (0:4) an uncursed wand of digging (0:3) an uncursed wand of magic missile (0:5) an uncursed wand of polymorph (0:5) an uncursed wand of polymorph (0:5) an uncursed wand of polymorph (0:2) an uncursed wand of sleep (0:6) an uncursed wand of sleep (0:6) an uncursed wand of sleep (0:3) an uncursed wand of wishing (0:1) a cursed expensive camera (0:81) an uncursed magic marker (0:7) a blessed fireproof magic marker named blessed (0:32) a blessed fireproof magic marker named blessed (0:13) an uncursed +0 pick-axe 2 uncursed tallow candles (0:200) an uncursed +0 unicorn horn Spells and supernatural/magical abilities: Spells marked with '*' are forgotten. Spells marked with '!' are maintained. Spells marked with '#' are aliased with 'castalias'. Name Level Category Fail Memory W - pray for help -- divine ? -- Your skills at the end: Fighting Skills wands [Skilled] Weapon Skills dagger [Skilled] long sword [Expert] Spellcasting Skills Final Attributes: You were fire resistant. You were immune to cold. You were sleep resistant. You were poison resistant. You were magic resistant. You were level-drain resistant. You were telepathic. You were warned. You had infravision. You were stealthy. You were protected. You were very fast. You had reflection. You had free action. You were very lucky. You had extra luck. Good luck did not time out for you. You last prayed 6487 turns ago. You are dead. Vanquished creatures: Juiblex Medusa an iron golem a balrog a gray dragon a red dragon 3 white dragons 2 orange dragons a blue dragon 3 green dragons a yellow dragon 2 minotaurs 2 jabberwocks Lord Surtur a baluchitherium 2 demiliches 2 master mind flayers an Olog-hai a Nazgul a sandestin a hell hound 2 titanotheres 3 trappers a disenchanter 11 vampire lords 2 captains 4 liches 4 water trolls 2 nurses 5 ice devils 2 lurkers above 4 ettins 3 golden nagas 11 vampires 26 ghosts 4 lieutenants a wizard a queen bee a winged gargoyle a mind flayer 5 giant mimics 2 zruties 26 fire giants 7 ogre kings 4 rock trolls 2 umber hulks a flesh golem a doppelganger a bone devil 4 large mimics 4 long worms 4 stalkers 2 air elementals a fire elemental an earth elemental a water elemental 3 giant mummies 3 xorns 14 giant zombies 10 elf-lords 10 sergeants a barbed devil 5 wargs a winter wolf a hell hound pup 9 small mimics 5 warhorses 5 xans 2 ettin mummies 2 ogre lords 8 quantum mechanics 4 trolls 3 wood golems a marilith 3 sharks 5 gelatinous cubes a pyrolisk a large dog 2 freezing spheres 3 flaming spheres 2 shocking spheres 2 large cats a tiger a gargoyle 7 tengu an ochre jelly a leocrotta a stone giant 4 elf mummies a human mummy 3 red nagas 2 pit vipers 2 pythons 2 cobras 15 wraiths 12 ettin zombies 4 leather golems 9 Grey-elves 54 soldiers 2 horned devils 2 chameleons 5 crocodiles 5 giant beetles a quivering blob 5 cockatrices 8 wolves 7 winter wolf cubs 2 lynxes a panther 3 gremlins a spotted jelly 8 leprechauns 2 orc-captains 7 giant spiders 3 scorpions 4 horses 3 ice vortices 2 black lights 6 vampire bats 6 forest centaurs a gnome king 2 orc mummies a dwarf mummy 2 ogres 5 brown puddings 6 rust monsters 4 owlbears 3 yetis 2 gold golems a werewolf 8 Green-elves a piranha 14 giant eels 4 lizards 4 warriors a dingo 3 housecats 2 jaguars 2 gray unicorns 2 black unicorns 4 dust vortices a raven 4 plains centaurs 4 gnome mummies 2 snakes 7 water moccasins 2 apes 11 human zombies 3 rope golems a Woodland-elf 9 soldier ants 92 fire ants 11 bugbears 3 imps 2 quasits 2 wood nymphs 9 water nymphs a mountain nymph 47 Mordor orcs an Uruk-hai 2 orc shamans 5 rock piercers a rock mole 3 ponies 8 fog clouds 4 yellow lights 7 shriekers 4 violet fungi a gnome lord 3 kobold mummies a red naga hatchling a golden naga hatchling 3 gray oozes a barrow wight 16 elf zombies 6 ghouls 2 paper golems 2 jellyfish 12 giant ants a little dog 6 floating eyes 2 kittens a dwarf a homunculus 2 kobold lords 2 kobold shamans 31 hill orcs 15 rothes 4 rabid rats 3 centipedes 9 giant bats 2 monkeys 11 orc zombies 8 dwarf zombies 7 iguanas 33 killer bees 4 acid blobs 2 coyotes a gas spore 2 hobbits 7 manes 6 large kobolds 17 hobgoblins 2 giant rats 16 cave spiders 2 brown molds 9 yellow molds 2 green molds 2 red molds 5 gnomes 10 garter snakes 8 gnome zombies 5 geckos 6 jackals 7 foxes 5 kobolds 9 goblins 7 sewer rats 10 grid bugs 7 bats 14 lichens 8 kobold zombies 6 newts 1176 creatures vanquished. Genocided species: liches demiliches master liches arch-liches Woodland-elves Green-elves Grey-elves elf-lords Elvenkings doppelgangers nurses soldiers sergeants lieutenants captains watchmen watch captains 17 species genocided. Voluntary challenges: You had followed a strict vegan diet until turn 2848. You had followed a strict vegetarian diet until turn 2848. You had been an atheist until turn 8251. You used a wielded weapon 2004 times, starting on turn 1. You read items or engraved 89 times, starting on turn 1440. You genocided 17 types of monsters, starting on turn 20752. You polymorphed 193 items, starting on turn 18710. You never changed form. You used 3 wishes, starting on turn 10818. You did not wish for any artifacts. You split 3 puddings, starting on turn 12268. You wrote Elbereth's name 5 times, starting on turn 1441. You violated your moral code, losing 78 points of alignment, starting on turn 6970. Dungeon overview: The Dungeons of Doom: levels 1 to 29 Level 1 a fountain a long staircase Level 2 a general store, a vault stairs to The Gnomish Mines Level 3 a fountain, a vault Level 4 a scroll shop, a sink Level 5 Level 6 (soko unihorn) a general store, a vault stairs to Sokoban Level 7 a vault Level 8 (helm of opposite alingment) some fountains, a sink Level 9 an armor shop, a vault Level 10 Level 11 portal to The Quest Level 12 a general store Level 13 Level 14 Level 15 (unicorn) a fountain Level 16 (food) Level 17 (unicorn unlabled scroll) Level 18 ( ) a vault Level 19 an altar to Tyr Level 20 a vault Level 21 a fountain Level 22 Level 23 Level 24 Level 25 some fountains Level 26 a sink Level 27 (wand of create monster) Level 28 Level 29 a fountain Gehennom: levels 30 to 40 Level 30 (mjollnir) a temple to Moloch stairs to The Dungeons of Doom Level 31 Level 32 Level 33 Level 34 (extra healing and fountains) some fountains Level 35 Level 36 Level 37 (amulet) Level 38 Level 39 Level 40 <- You were here The Gnomish Mines: levels 3 to 10 Level 3 stairs to The Dungeons of Doom Level 4 Level 5 ( ) some shops, a temple to Loki, some fountains Level 6 Level 7 Level 8 Level 9 Level 10 The Quest: levels 1 to 5 Level 1 a fountain portal to The Dungeons of Doom Level 2 Level 3 Level 4 Level 5 Sokoban: levels 2 to 5 Level 2 Level 3 Level 4 Level 5 stairs to The Dungeons of Doom History has recorded: On T:1 you entered the Dungeons of Doom to retrieve the Amulet of Yendor! On T:358 you reached level 2 of The Dungeons of Doom. On T:455 you advanced to experience level 2. On T:915 you reached level 3 of The Dungeons of Doom. On T:1233 you advanced to experience level 3. On T:1266 you reached level 4 of The Dungeons of Doom. On T:1301 you reached level 5 of The Dungeons of Doom. On T:1750 you advanced to experience level 4. On T:1927 you reached level 6 of The Dungeons of Doom. On T:2123 you reached level 4 of Sokoban. On T:2243 you reached level 7 of The Dungeons of Doom. On T:2285 you advanced to experience level 5. On T:2755 you reached level 3 of Sokoban. On T:3411 you reached level 8 of The Dungeons of Doom. On T:3437 you advanced to experience level 6. On T:3490 you reached level 9 of The Dungeons of Doom. On T:3627 you advanced to experience level 7. On T:3753 you reached level 10 of The Dungeons of Doom. On T:4311 you reached level 11 of The Dungeons of Doom. On T:4397 you advanced to experience level 8. On T:4498 you reached level 12 of The Dungeons of Doom. On T:4511 you reached level 1 of The Quest. On T:4703 you reached level 13 of The Dungeons of Doom. On T:5095 you advanced to experience level 9. On T:6491 you reached level 14 of The Dungeons of Doom. On T:6878 you reached level 15 of The Dungeons of Doom. On T:7190 you reached level 16 of The Dungeons of Doom. On T:7456 you reached level 17 of The Dungeons of Doom. On T:7781 you reached level 18 of The Dungeons of Doom. On T:8108 you reached level 19 of The Dungeons of Doom. On T:8183 you advanced to experience level 10. On T:8605 you reached level 20 of The Dungeons of Doom. On T:8774 you reached level 21 of The Dungeons of Doom. On T:8866 you reached level 23 of The Dungeons of Doom. On T:8883 you reached level 22 of The Dungeons of Doom. On T:9926 you advanced to experience level 11. On T:10084 you advanced to experience level 12. On T:10818 you wished for "+3 blessed greased fixed gray dragon scale mail". On T:11165 you reached level 24 of The Dungeons of Doom. On T:11333 you reached level 25 of The Dungeons of Doom. On T:11556 you advanced to experience level 13. On T:11591 you reached level 26 of The Dungeons of Doom. On T:12244 you reached level 27 of The Dungeons of Doom. On T:12948 you advanced to experience level 14. On T:13251 you embarked upon an epic quest. On T:13287 you reached level 2 of The Quest. On T:13419 you reached level 3 of The Quest. On T:13786 you reached level 4 of The Quest. On T:13833 you reached level 5 of The Quest. On T:14091 you killed Lord Surtur on level 2 of The Quest. On T:14135 you completed the quest! On T:14991 you advanced to experience level 15. On T:15322 you killed Medusa on level 27 of The Dungeons of Doom. On T:15358 you reached level 28 of The Dungeons of Doom. On T:16150 you reached level 1 of The Gnomish Mines. On T:16230 you reached level 2 of The Gnomish Mines. On T:16254 you reached level 3 of The Gnomish Mines. On T:16522 you reached level 4 of The Gnomish Mines. On T:16542 you reached level 5 of The Gnomish Mines. On T:16563 you reached level 6 of The Gnomish Mines. On T:16650 you reached level 7 of The Gnomish Mines. On T:16701 you reached level 8 of The Gnomish Mines. On T:17668 you reached level 2 of Sokoban. On T:17910 you reached level 1 of Sokoban. On T:18608 you advanced to experience level 16. On T:19456 you reached The Castle. On T:19677 you advanced to experience level 17. On T:19698 you reached The Valley of the Dead. On T:20625 you wished for "blessed fixed magic marker". On T:20711 you advanced to experience level 18. On T:23188 you wished for "fixed blessed magic marker". On T:23535 you advanced to experience level 19. On T:23861 you advanced to experience level 20. On T:24002 you reached level 2 of Gehennom. On T:24013 you reached level 3 of Gehennom. On T:24343 you reached level 4 of Gehennom. On T:24566 you reached level 5 of Gehennom. On T:24596 you killed Juiblex on level 5 of Gehennom. On T:24692 you reached level 6 of Gehennom. On T:24695 you reached level 7 of Gehennom. On T:24810 you reached level 8 of Gehennom. On T:24858 you reached level 9 of Gehennom. On T:24975 you reached level 10 of Gehennom. On T:25108 you reached level 11 of Gehennom. Score breakdown: Gold: 8314 (13334 points) Experience: 20 levels (24282 points) Exploration: 40 levels ( 80.00%) (26764 points) Discoveries: 61 items ( 24.50%) (14848 points) Valuables value: (no points given unless you survive) Artifact value: 7500 (13181 points) Variety of kills: 223 monsters ( 58.68%) (22981 points) Turncount: 25140 turns (-3740 points) Survival: died (score multiplied by 80%) Total score: 89320 Latest messages: You fall down the stairs. Falling, you touch the cockatrice corpse. You turn to stone... Final status: Farvel Matt the Valkyrie, petrified by falling downstairs while wielding a cockatrice corpse... You turned to stone in Gehennom on dungeon level 40 with 89320 points, and 8314 pieces of gold, after 25140 moves. You were level 20 with a maximum of 272 hit points when you turned to stone.